 Dungeon Crawl Stone Soup version 0.30.0-29-ga12c61a403 (webtiles) character file.

Game seed: 5805567945595640675

39 qw the Chopper (level 3, -1/23 HPs)
             Began as a Gargoyle Fighter on June 3, 2023.
             Slain by a gnoll
             ... wielding a +1 spear of flaming
              (7 damage)
             ... on level 2 of the Dungeon.
             The game lasted 00:00:25 (945 turns).

qw the Chopper (Gargoyle Fighter)                    Turns: 945, Time: 00:00:26

Health: -1/23      AC: 10    Str: 21    XL:     3   Next: 45%
Magic:  3/3        EV:  9    Int:  8    God:
Gold:   51         SH:  4    Dex:  9    Spells: 2/2 levels left

rFire   . . .        Y - +0 war axe
rCold   . . .        c - +0 buckler
rNeg    + . .        b - +0 scale mail
rPois   inf          (no helmet)
rElec   +            (no cloak)
rCorr   .            (no gloves)
SInv    .            (no boots)
Will    .....        (no amulet) Stlth
                     (no ring)
HPRegen 0.23/turn    (no ring)
MPRegen 0.08/turn

%: no passive effects
@: no status effects
A: sickness immunity, AC +3, negative energy resistance 1, electricity
resistance, torment resistance 1, petrification resistance
a: no special abilities


You were on level 2 of the Dungeon.
You visited 1 branch of the dungeon, and saw 2 of its levels.

You collected 51 gold pieces.


Innate Abilities, Weirdness & Mutations

You are immune to sickness and miasma.
Your stone body is resilient. (AC +3)
You are immune to poison.
You resist negative energy. (rN+)
You are resistant to electric shocks. (rElec)
You are resistant to unholy torment.
You are immune to petrification.


   Skills:
 - Level 3.2 Fighting
 + Level 3.4 Axes
 - Level 3.2 Armour
 - Level 3.2 Shields


You had 2 spell levels left.
You didn't know any spells.
Your spell library was empty.

Inventory:

Hand Weapons
 i - a +0 whip
 Y - a +0 war axe (weapon)
Armour
 b - a +0 scale mail (worn)
 c - a +0 buckler (worn)
Scrolls
 a - a scroll of enchant weapon {unknown}
Potions
 d - a potion of might
 j - 3 potions of curing

Dungeon Overview and Level Annotations

Branches:
Dungeon (2/15)

Altars:


Message History

The gnoll moves out of view.
A gnoll comes into view. It is wielding a +0 club.
Enter note:
Enter note:
Found 8 gold pieces.
The gnoll shouts!
Enter note:
Enter note:
Enter note:
Enter note: You barely miss the hobgoblin.
The hobgoblin hits you. The gnoll hits you but does no damage.
You block the gnoll's attack.
You closely miss the hobgoblin.
The hobgoblin hits you but does no damage.
The gnoll hits you from afar with a +0 spear.
You hit the hobgoblin but do no damage. The hobgoblin barely misses you.
The gnoll barely misses you. The gnoll closely misses you.
The hobgoblin hits you but does no damage.
The gnoll hits you but does no damage.
You barely miss the gnoll. You closely miss the hobgoblin.
The hobgoblin misses you. The gnoll barely misses you. x3
You slash the gnoll!
The gnoll is severely wounded.
You hit the hobgoblin.
The hobgoblin hits you but does no damage.
The gnoll hits you from afar with a +1 spear of flaming.
The gnoll burns you. The gnoll barely misses you. The gnoll closely misses you.
The gnoll misses you.
You hit the gnoll.
You kill the gnoll!
You hit the hobgoblin.
You kill the hobgoblin!
The gnoll hits you from afar with a +0 halberd.
The gnoll barely misses you. The gnoll completely misses you.
You block the gnoll's attack. The gnoll barely misses you.
The gnoll hits you from afar with a +0 spear.
The gnoll hits you from afar with a +1 spear of flaming!
You die...

..###### ###.##.. ...
#......# #<####
#......# #.....
#>.....# #.....
#......# ##.)..
#....gg# #######....
#...g).# #..........
#....@.## #........#.
#.......####.........>
#..........#..........
#......###..#####.##..
##.##.## ##..# #.# ..
#. #$# ##....... .. .
... #......... .. ....
.##.#.#. ... ## #....


You could see 3 gnolls.

Vanquished Creatures
  A gnoll (D:2)
  6 bats
  3 endoplasms (D:1)
  A giant cockroach (D:1)
  4 goblins (D:1)
  4 hobgoblins
  2 quokkas (D:1)
  2 ball pythons (D:1)
  3 kobolds
  A rat (D:1)
27 creatures vanquished.

Notes
Turn   | Place    | Note
-------+----------+-------------------------------------------
     0 | D:1      | qw the Gargoyle Fighter began the quest for the Orb.
     0 | D:1      | Reached XP level 1. HP: 14/14 MP: 1/1
     0 | D:1      | 0 ||| qw: Version: 0.2-a-103-g5a998e5
     0 | D:1      | 0 ||| qw: Game counter: 1090
     0 | D:1      | 0 ||| qw: Always use a shield: true
     0 | D:1      | 0 ||| qw: God list: Okawaru
     0 | D:1      | 0 ||| qw: Allow faded altars: false
     0 | D:1      | 0 ||| qw: Do Orc after D:15 true
     0 | D:1      | 0 ||| qw: Do second Lair branch before Depths: true
     0 | D:1      | 0 ||| qw: Lair rune preference: random
     0 | D:1      | 0 ||| qw: Plans: Normal, Zot:1-4, Slime:5, God:TSO, Crypt,
                  | Tomb, Pan, Hells, Abyss, Win
     0 | D:1      | 0 ||| PLANNING D:1-11
   223 | D:1      | 223 ||| DROPPING +0 club.
   254 | D:1      | Reached XP level 2. HP: 19/19 MP: 2/2
   630 | D:1      | Reached skill level 3 in Axes
   709 | D:1      | Reached XP level 3. HP: 23/23 MP: 3/3
   780 | D:1      | 780 ||| READING scroll labelled OGU HUENKYL.
   783 | D:1      | 783 ||| READING scroll labelled INUEW PATOLL.
   784 | D:1      | 784 ||| READING scroll labelled BUGEME OGEZ.
   785 | D:1      | 785 ||| READING scroll labelled POR TURCHIEM.
   786 | D:1      | 786 ||| DRINKING 3 orange potions.
   810 | D:2      | 810 ||| Stepping ~*~*~tactically~*~*~ (hiding).
   811 | D:2      | 811 ||| Stepping ~*~*~tactically~*~*~ (hiding).
   945 | D:2      | Slain by a gnoll

Levels and vault maps discovered:
D:1:      saegor_arrival_miasma, layout_loops_ring
D:2:      layout_rooms, glass_columns_a

Skill      XL: |  1  2 |
---------------+-------+-----
Axes           | 2 3 |  3.4
Fighting       | |  3.2
Armour         | |  3.2
Shields        | |  3.2

Action                     || total
---------------------------++-------
  Melee: War axe           ||    59
    Use: Scroll            ||     4
         Potion            ||     1
 Armour: Scale mail        ||    23
  Dodge: Dodged            ||    36
  Block: Buckler           ||     8

Table legend:
 A = Non-vault XP
 B = Vault XP
 C = Vault XP percentage of total XP
 D = Non-vault monster count
 E = Vault monster count
 F = Vault count percentage of total count
                 A         B        C        D         E       F
            +---------+---------+-------+---------+---------+-------
      Total |      56 |       0 |   0.0 |      27 |       0 |   0.0
            +---------+---------+-------+---------+---------+-------
        D:1 |      38 |       0 |   0.0 |      23 |       0 |   0.0
        D:2 |      18 |       0 |   0.0 |       4 |       0 |   0.0
            +---------+---------+-------+---------+---------+-------
